 Dungeon Crawl Stone Soup version 0.29-a0-824-gd827844252 (webtiles) character file.

Game seed: 6728510799534656420

86747 buhh the Octopoid Aeon (level 15, -4/128 HPs)
             Began as an Octopode Transmuter on July 9, 2022.
             Was the Champion of Cheibriados.
             Slain by a redback (13 damage)
             ... on level 1 of the Spider Nest.
             The game lasted 00:24:02 (24194 turns).

buhh the Octopoid Aeon (Octopode Transmuter)       Turns: 24194, Time: 00:24:02

Health: -4/128     AC: 12    Str: 24    XL:     15   Next: 88%
Magic:  7/24       EV: 24    Int: 38    God:    Cheibriados [******]
Gold:   1233       SH:  0    Dex: 28    Spells: 1/18 levels left

rFire   x . .      SeeInvis .     - Unarmed
rCold   + + +      Faith    .   (shield currently unavailable)
rNeg    + . .      Spirit   .   (helmet currently unavailable)
rPois   +          Reflect  .   h - amulet of regeneration
rElec   .          Harm     .   v - +4 ring of evasion
rCorr   .          Rampage  .   q - ring of willpower
Will    ++...                   u - ring of positive energy
Stlth   +++.......              A - ring of flight
HPRegen 1.11/turn               (no ring)
MPRegen 0.19/turn               (no ring)
                                (no ring)
                                (no ring)

@: lethally poisoned (-4 -> -8), ice-form, wereblooded, flying, slowed, studying
Conjurations, very slow
A: freezing attack, boosted hp, almost no armour, amphibious, 8 rings, large,
(camouflage 1), (gelatinous body 1), (nimble swimmer 1), (tentacles)
a: End Transformation, Renounce Religion, Bend Time, Temporal Distortion,
Slouch, Step From Time


You were on level 1 of the Spider Nest.
You worshipped Cheibriados.
Cheibriados was exalted by your worship.
You were a creature of crystalline ice.
You visited 4 branches of the dungeon, and saw 22 of its levels.
You also visited: Bailey.

You collected 2702 gold pieces.
You spent 1469 gold pieces at shops.

Inventory:

Missiles
 r - 33 poisoned darts
 T - 5 curare-tipped darts
 X - a throwing net
Magical Staves
 n - a staff of air
 G - a staff of cold (melded)
 K - a staff of cold
 Q - a staff of earth
Jewellery
 h - an amulet of regeneration (around neck)
 q - a ring of willpower (right front paw)
 u - a ring of positive energy (on tentacle)
 v - a +4 ring of evasion (left front paw)
 A - a ring of flight (on tentacle)
 I - a ring of poison resistance
 J - an amulet of guardian spirit
 L - a ring of ice
 O - a ring of wizardry
 P - a ring of protection from cold
 V - a ring of protection from fire
 W - a ring of magical power
Wands
 g - a wand of polymorph (13)
 o - a wand of charming (22)
 y - a wand of flame (62)
 R - a wand of light (18)
 Z - a wand of iceblast (7)
Scrolls
 a - 4 scrolls of teleportation {!d}
 c - 2 scrolls of blinking {!d}
 i - 6 scrolls of vulnerability
 l - 5 scrolls of enchant weapon
 m - 5 scrolls of amnesia
 z - 11 scrolls of identify {!d}
 E - 6 scrolls of fog
 F - 3 scrolls of enchant armour
 M - 2 scrolls of immolation {!d}
 N - 5 scrolls of poison
 U - 4 scrolls of magic mapping {!r!d}
 Y - 3 scrolls of fear {!r}
Potions
 b - 5 potions of might
 d - 10 potions of brilliance {!q!d}
 e - 9 potions of curing {!q!d}
 f - 3 potions of haste {!q!d}
 j - 9 potions of mutation {!d}
 k - 2 potions of flight
 p - 9 potions of degeneration
 s - 3 potions of resistance {!q!d}
 t - a potion of berserk rage {!q}
 w - 3 potions of attraction
 x - a potion of invisibility {!q!d}
 C - a potion of heal wounds {!q!d}
 D - 2 potions of cancellation {!q!d}
 S - 2 potions of ambrosia {!q!d}
Miscellaneous
 H - a box of beasts


   Skills:
 - Level 11.3 Fighting
 - Level 11.1 Dodging
 - Level 2.0 Stealth
 - Level 11.1 Unarmed Combat
 - Level 2.0 Spellcasting
 * Level 9.5 Conjurations
 * Level 9.6 Translocations
 * Level 12.3 Transmutations
 - Level 5.0 Ice Magic
 - Level 2.0 Poison Magic
 - Level 13.0 Invocations


You had one spell level left.
You knew the following spells:

 Your Spells              Type           Power      Damage    Failure   Level
a - Beastly Appendage     Tmut           100%       N/A       1%          1
b - Wereblood             Tmut           77%        N/A       1%          2
c - Irradiate             Conj/Tmut      36%        3d25      1%          5
d - Ice Form              Ice/Tmut       62%        N/A       1%          4
e - Manifold Assault      Tloc           67%        N/A       2%          5

Your spell library contained the following spells:

 Spells                   Type           Power      Damage    Failure   Level
 Shock                    Conj/Air       100%       1d9       1%          1
 Sting                    Tmut/Pois      100%       1d8       1%          1
 Slow                     Hex            12%        N/A       4%          1
 Summon Small Mammal      Summ           12%        N/A       4%          1
 Blink                    Tloc           100%       N/A       1%          2
 Static Discharge         Conj/Air       39%        3-8/arc   1%          2
 Conjure Flame            Conj/Fire      39%        6-21      1%          3
 Ignite Poison            Fire/Tmut/Pois 40%        N/A       1%          3
 Lesser Beckoning         Tloc           67%        N/A       1%          3
 Spider Form              Tmut/Pois      55%        N/A       1%          3
 Stone Arrow              Conj/Erth      78%        3d11      1%          3
 Petrify                  Tmut/Erth      50%        N/A       3%          4
 Poisonous Vapours        Pois/Air       22%        N/A       4%          2
 Sticky Flame             Conj/Fire      39%        2d6       6%          4
 Sublimation of Blood     Necr           3%         N/A       7%          2
 Yara's Violent Unravell  Hex/Tmut       25%        3d11      11%         5
 Call Canine Familiar     Summ           3%         N/A       14%         3
 Confusing Touch          Hex            3%         N/A       14%         3
 Summon Guardian Golem    Hex/Summ       3%         N/A       14%         3
 Swiftness                Air            3%         N/A       14%         3
 Vampiric Draining        Necr           3%         2d6       14%         3
 Olgreb's Toxic Radiance  Pois           19%        N/A       21%         4
 Airstrike                Air            1%         0-2+      41%         4
 Anguish                  Hex/Necr       1%         N/A       41%         4
 Dispel Undead            Necr           3%         3d7       41%         4
 Conjure Ball Lightning   Conj/Air       19%        3x3d6     69%         6
 Disjunction              Tloc           33%        N/A       99%         8
 Enfeeble                 Hex            1%         N/A       100%        7
 Discord                  Hex            1%         N/A       100%        8
 Lehudib's Crystal Spear  Conj/Erth      19%        10d6      100%        8
 Chain Lightning          Conj/Air       19%        3d26      100%        9
 Fire Storm               Conj/Fire      19%        8d5       100%        9
 Shatter                  Erth           1%         3d6*      100%        9
 Animate Armour           Summ/Erth      Unusable   N/A       N/A         4

Dungeon Overview and Level Annotations

Branches:
Dungeon (13/15) Zot: 40131  Temple (0/1) D:6            Lair (6/6) D:8 Zot: 37376
 Shoals (0/4) Lair:3       Spider (1/4) Lair:4 Zot: 7526   Slime (0/5) Lair:6
    Orc (2/2) D:11 Zot: 14234     Elf (0/3) Orc:2        Bailey (visited)
 Vaults: D:13-14

Altars:
Ashenzari
Cheibriados
Dithmenos
Gozag
Hepliaklqana
Kikubaaqudgha
Nemelex Xobeh
Okawaru
Qazlal
Ru
Vehumet
Xom
Yredelemnul
Zin
The Shining One
Jiyva

Shops:
D:3 ?   D:9 *   D:10 (   Orc:2 ?([(

Annotations:
D:6 exclusion: downstairs
D:11 2 transporters, pigah's ghost, journeyman OpAE
Lair:3 exclusion: oklob plant


Innate Abilities, Weirdness & Mutations

You are a creature of crystalline ice.
You have a powerful freezing melee attack.
Your maximum health is increased.
Your armour is entirely melded.
You are incapable of wielding weapons or throwing items.
You cannot wear most types of armour.
You are amphibious.
You can wear up to eight rings at the same time.
((Your skin changes colour to match your surroundings (Stealth+).))
((Your rubbery body absorbs attacks. (AC +1, EV +1)))
((You are camouflaged when in or above water. (Stealth+)))
((You have tentacles for arms and can constrict up to eight enemies at once.))


Message History

The redback poisons you!
You are too injured to fight recklessly!
You pummel the redback!! You freeze the redback.
The redback is severely wounded.
You feel yourself speed up.
You feel extremely sick. The redback closely misses you.
The redback misses you.
Being near the torpor snail leaves you feeling lethargic.
You pummel the redback!! You freeze the redback.
You feel a bit better.
You kill the redback!
Cheibriados appreciates the change of pace.
You feel very sick.
You howl as the wereblood boils in your veins!
You feel extremely sick.
You pummel the redback!! You freeze the redback.
The redback is almost dead.
You howl as the wereblood boils in your veins!
You feel very sick. The redback bites you!
* * * LOW HITPOINT WARNING * * *
The redback barely misses you.
You barely miss the redback.
The redback is almost dead.
You feel yourself speed up.
You feel very sick. The redback closely misses you.
Being near the torpor snail leaves you feeling lethargic.
The demonic crawler shrieks in warning!
The redback bites you!
* * * LOW HITPOINT WARNING * * *
You hear a skittering sound. x3; You hear a faint skittering sound. x2
You hear a skittering sound.
You punch the redback! You freeze the redback.
You feel a bit better.
You kill the redback!
Cheibriados thoroughly appreciates the change of pace.
You howl as the wereblood boils in your veins!
You feel very sick.
The demonic crawler shrieks in warning!
The redback bites you!
You die...

##..#..#...##.##...
#...#^......#......
#...##..#...##.#.†.
#^..#..#######..#..
#.†.#.. #...##B
##..#. #... #† #..#
#..##.. #
#########..#####. ###
#..
.#.#.)#....#Y......#
^..
s.........ws#........
†..#
..†....s^..†##....^..
...##
......†......#.......
....
.....s....†..#.......
.....
w............#.......
....s......###.......
.....#....## ..##
...#.#.#.##


You could see a torpor snail, 2 demonic crawlers and a redback.

Vanquished Creatures
  Gastronok (Lair:3)
  An orc warlord (Orc:2)
  7 hydras
  4 boulder beetles
  Fannar (Lair:3)
  Erica (D:11)
  3 catoblepae
  5 two-headed ogres
  6 orc high priests (Orc:2)
  Amaemon (Lair:2)
  Sonja (Orc:1)
  3 steelbarb worms (Spider:1)
  3 pharaoh ants (Spider:1)
  2 orb spiders (Spider:1)
  2 lindwurms (Lair:6)
  Pikel (D:4)
  4 orc knights (Orc:2)
  4 orc sorcerers (Orc:2)
  3 wolf spiders (Spider:1)
  A cyclops (D:12)
  3 slime creatures
  3 manticores
  9 elephants
  2 torpor snails
  7 black mambas
  A gargoyle (D:12)
  A molten gargoyle (Lair:4)
  An orange demon (Lair:3)
  15 cane toads
  5 komodo dragons
  5 demonic crawlers (Spider:1)
  4 rime drakes
  5 trolls
  9 polar bears (Lair:6)
  A wind drake (Lair:3)
  A hornet (Lair:4)
  A dream sheep (Lair:6)
  4 blink frogs
  3 tarantellas (Spider:1)
  2 raiju (Lair:6)
  3 jumping spiders (Spider:1)
  6 culicivoras (Spider:1)
  14 wyverns
  A vampire (D:11)
  A shadow (D:12)
  5 basilisks
  34 yaks
  5 vampire mosquitoes
  Menkaure (D:4)
  19 redbacks (Spider:1)
  7 wargs
  3 acid dragons
  15 hell hounds (Lair:6)
  35 orc warriors
  22 water moccasins
  A swamp drake (D:11)
  An ice beast (D:6)
  15 black bears
  13 ogres
  32 wolves
  3 centaurs
  2 phantoms
  2 kobold brigands (D:9)
  14 bullfrogs
  A necrophage (D:8)
  2 scorpions
  14 wights
  10 killer bees
  A howler monkey (D:12)
  2 electric eels (D:11)
  A lava snake (Lair:4)
  15 jellies
  4 hounds (D:6)
  32 orc priests
  Terence (D:2)
  4 hell rats (Lair:6)
  6 iguanas
  24 orc wizards
  A mummy (D:3)
  Robin (D:2)
  14 gnolls
  6 adders
  2 white imps (D:8)
  2 ufetubi
  3 worms
  A dart slug (D:3)
  135 orcs
  7 bats
  6 endoplasms
  6 giant cockroaches
  12 goblins
  10 hobgoblins
  16 kobolds
  2 quokkas
  6 ball pythons
  2 frilled lizards (D:2)
  6 rats
745 creatures vanquished.

Vanquished Creatures (collateral kills)
  A bullfrog (D:8)
  A killer bee (D:8)
  A shadow imp (D:8)
  An ufetubus (D:8)
4 creatures vanquished.

Vanquished Creatures (others)
  An orc priest (Orc:2)
  An orc (Orc:2)
  3 demonic plants (D:8)
  62 fungi
  85 plants
152 creatures vanquished.

Grand Total: 901 creatures vanquished

Notes
Turn   | Place    | Note
-------+----------+-------------------------------------------
     0 | D:1      | buhh the Octopode Transmuter began the quest for the Orb.
     0 | D:1      | Reached XP level 1. HP: 13/13 MP: 3/3
   547 | D:1      | Reached XP level 2. HP: 12/18 MP: 3/5
  1237 | D:1      | Found a faded altar of an unknown god.
  1321 | D:2      | Noticed Terence
  1340 | D:2      | Learned a level 2 spell: Wereblood
  1361 | D:2      | Reached XP level 3. HP: 21/23 MP: 2/6
  1502 | D:2      | Killed Terence
  1510 | D:2      | Reached XP level 4. HP: 24/29 MP: 7/7
  2227 | D:2      | Noticed Robin
  2244 | D:2      | Killed Robin
  3068 | D:3      | Found a snail-covered altar of Cheibriados.
  3079 | D:3      | Reached XP level 5. HP: 35/35 MP: 8/8
  3084 | D:3      | Became a worshipper of Cheibriados the Contemplative
  3255 | D:3      | Found Roese's Magic Scroll Shop.
  3263 | D:3      | Bought a scroll of identify for 22 gold pieces
  3263 | D:3      | Bought a scroll of identify for 22 gold pieces
  3263 | D:3      | Bought a scroll of fear for 38 gold pieces
  3263 | D:3      | Bought a scroll of teleportation for 33 gold pieces
  3493 | D:3      | Reached * piety under Cheibriados
  3878 | D:3      | Noticed a phantom
  3893 | D:3      | Killed a phantom
  3894 | D:3      | Reached XP level 6. HP: 22/42 MP: 7/9
  4060 | D:3      | Learned a level 3 spell: Spider Form
  4311 | D:4      | Noticed Pikel
  4326 | D:4      | Killed Pikel
  4327 | D:4      | Reached skill level 5 in Unarmed Combat
  4327 | D:4      | Reached XP level 7. HP: 49/49 MP: 3/10
  4428 | D:4      | Noticed Menkaure
  4441 | D:4      | Killed Menkaure
  4442 | D:4      | Reached skill level 5 in Fighting
  4442 | D:4      | Reached skill level 5 in Dodging
  4442 | D:4      | Reached XP level 8. HP: 42/55 MP: 8/11
  5376 | D:5      | Entered Level 5 of the Dungeon
  5433 | D:5      | Found a glowing golden altar of the Shining One.
  5498 | D:5      | Reached ** piety under Cheibriados
  5931 | D:5      | Found a sparkling altar of Nemelex Xobeh.
  6421 | D:6      | Reached skill level 5 in Transmutations
  6421 | D:6      | Reached XP level 9. HP: 52/62 MP: 7/12
  6650 | D:6      | Found an opulent altar of Gozag.
  6924 | D:6      | Found a staircase to the Ecumenical Temple.
  7061 | D:6      | Found a stormy altar of Qazlal.
  7223 | D:6      | Learned a level 4 spell: Ice Form
  7367 | D:6      | Reached *** piety under Cheibriados
  7368 | D:6      | Reached skill level 5 in Ice Magic
  7690 | D:7      | Found a shadowy altar of Dithmenos.
  7784 | D:7      | Reached skill level 1 in Invocations
  7861 | D:7      | Found a broken altar of Ashenzari.
  7865 | D:7      | Found a glowing silver altar of Zin.
  7865 | D:7      | Found a sacrificial altar of Ru.
  7865 | D:7      | Found a hazy altar of Hepliaklqana.
  7866 | D:7      | Found an ancient bone altar of Kikubaaqudgha.
  8198 | D:8      | Reached skill level 2 in Invocations
  8240 | D:8      | Found a flagged portal.
  8251 | D:8      | Found a shimmering altar of Xom.
  8298 | D:8      | Noticed a two-headed ogre
  8316 | D:8      | Reached skill level 3 in Invocations
  8316 | D:8      | Reached XP level 10. HP: 61/69 MP: 10/13
  8327 | D:8      | Killed a two-headed ogre
  8406 | D:8      | Found a staircase to the Lair.
  8418 | D:8      | Reached **** piety under Cheibriados
  8433 | D:8      | Reached skill level 4 in Invocations
  8473 | Lair:1   | Entered Level 1 of the Lair of Beasts
  8599 | Bailey   | Entered a bailey
  8639 | Bailey   | Reached XP level 11. HP: 80/80 MP: 14/14
  9366 | D:8      | Reached ***** piety under Cheibriados
  9771 | Lair:1   | Reached skill level 5 in Invocations
 10442 | Lair:2   | Reached skill level 10 in Fighting
 10670 | Lair:2   | Noticed a six-headed hydra
 10679 | Lair:2   | Killed a six-headed hydra
 10680 | Lair:2   | Reached skill level 10 in Dodging
 10680 | Lair:2   | Reached skill level 10 in Unarmed Combat
 10680 | Lair:2   | Reached XP level 12. HP: 83/87 MP: 12/16
 11460 | Lair:3   | Noticed Amaemon
 11460 | Lair:3   | Noticed a catoblepas
 11462 | Lair:3   | Reached skill level 6 in Invocations
 11468 | Lair:2   | Killed Amaemon
 11535 | Lair:3   | Noticed a boulder beetle
 11910 | Lair:2   | Killed a catoblepas
 11992 | Lair:3   | Killed a boulder beetle
 12270 | Lair:3   | Noticed Gastronok
 12289 | Lair:3   | Killed Gastronok
 12463 | Lair:3   | Reached skill level 7 in Invocations
 12717 | Lair:3   | Found a staircase to the Shoals.
 12899 | Lair:3   | Noticed Fannar
 12911 | Lair:3   | Killed Fannar
 12986 | Lair:3   | Found a basalt altar of Yredelemnul.
 13298 | Lair:4   | Reached XP level 13. HP: 95/95 MP: 18/18
 13989 | Lair:4   | Found a hole to the Spider Nest.
 14089 | Lair:5   | Identified the +1 sling "Dusyufil" {vorpal, rN+ rCorr
                  | Str+4}
 14158 | Lair:5   | Reached skill level 8 in Invocations
 14563 | Lair:5   | Reached skill level 8 in Transmutations
 14943 | Lair:6   | Entered Level 6 of the Lair of Beasts
 14996 | Lair:6   | Reached ****** piety under Cheibriados
 15105 | Lair:6   | Reached skill level 9 in Invocations
 15473 | Lair:6   | Found a viscous altar of Jiyva.
 15475 | Lair:6   | Found a staircase to the Slime Pits.
 15977 | Lair:6   | Reached skill level 5 in Translocations
 15978 | Lair:6   | Reached skill level 10 in Invocations
 15978 | Lair:6   | Reached XP level 14. HP: 101/101 MP: 8/21
 16067 | Lair:6   | Reached skill level 10 in Transmutations
 16642 | Lair:6   | Reached skill level 11 in Invocations
 17135 | D:9      | Found Aaggir's Alliterative Accessories.
 17208 | D:9      | Bought a scroll of acquirement for 676 gold pieces
 17210 | D:9      | Acquired 422 gold pieces
 17214 | D:9      | Bought a book of Alchemy for 364 gold pieces
 17374 | D:9      | Found an iron altar of Okawaru.
 17796 | D:10     | Entered Level 10 of the Dungeon
 17875 | D:10     | Found Kemer's Weapon Shop.
 18111 | D:10     | Found a radiant altar of Vehumet.
 18337 | D:11     | Found a transporter.
 18346 | D:11     | Noticed pigah's ghost (journeyman OpAE)
 18349 | D:11     | Found a transporter.
 18653 | D:11     | Found a glowing silver altar of Zin.
 19153 | D:11     | Noticed Erica
 19166 | D:11     | Killed Erica
 19196 | D:11     | Found a staircase to the Orcish Mines.
 20146 | Orc:1    | Entered Level 1 of the Orcish Mines
 20146 | Orc:1    | You are sucked into a shaft and drop 1 floor!
 20146 | Orc:2    | Entered Level 2 of the Orcish Mines
 20149 | Orc:2    | Reached skill level 5 in Conjurations
 20239 | Orc:2    | Found Siaphach's Magic Scroll Shoppe.
 20267 | Orc:2    | Bought a scroll of teleportation for 51 gold pieces
 20267 | Orc:2    | Bought a scroll of fear for 59 gold pieces
 20267 | Orc:2    | Bought a scroll of fog for 34 gold pieces
 20267 | Orc:2    | Bought 2 scrolls of fog for 68 gold pieces
 20267 | Orc:2    | Bought a scroll of fog for 34 gold pieces
 20267 | Orc:2    | Bought a scroll of identify for 34 gold pieces
 20267 | Orc:2    | Bought a scroll of identify for 34 gold pieces
 20274 | Orc:2    | Found Pocarph's Weapon Emporium.
 20397 | Orc:2    | Reached XP level 15. HP: 107/107 MP: 19/23
 20601 | Orc:2    | Reached skill level 8 in Translocations
 20748 | Orc:2    | Reached skill level 12 in Invocations
 21153 | Orc:2    | Found a staircase to the Elven Halls.
 21399 | Orc:2    | Noticed an orc warlord
 21415 | Orc:2    | Killed an orc warlord
 21500 | Orc:2    | Found Fuintoa's Armour Shoppe.
 21563 | Orc:2    | Found Faag Umokats's Antique Weapon Shop.
 22104 | Orc:1    | Noticed Sonja
 22108 | Orc:1    | Killed Sonja
 22908 | Spider:1 | Entered Level 1 of the Spider Nest
 22917 | Spider:1 | Reached skill level 8 in Conjurations
 23104 | Spider:1 | Learned a level 5 spell: Manifold Assault
 23112 | Spider:1 | Learned a level 5 spell: Irradiate
 23858 | Spider:1 | Reached skill level 13 in Invocations
 24194 | Spider:1 | Slain by a redback

Illustrated notes

Levels and vault maps discovered:
D:1:      evilmike_arrival_plus, layout_basic,
          shapermc_ecumenical_altar_mp_vishouse
D:2:      layout_loops_ring, uniq_robin, uniq_terence
D:3:      kb_forest_paths, layout_basic, slow_altar_2, serial_shops, shop
D:4:      layout_loops_ring, mrwooster_statue_mirror, uniq_pikel, uniq_menkaure
D:5:      layout_basic, lemuel_crystal_altar,
          mainiacjoe_overflow_six_doors_small
D:6:      layout_loops_ring, mainiacjoe_overflow_swirl,
          minmay_temple_entry_nine_rooms, minmay_manual_maat
D:7:      layout_rooms, minitemple, mainiacjoe_overflow_small_starburst
D:8:      layout_basic, xom_teletrap_fun, due_lair_maze_entry_diamond,
          serial_demonic, serial_demonic_e, serial_demonic_c, serial_demonic_a,
          serial_demonic_g, serial_demonic_g, serial_demonic_b, enter_bailey_6
D:9:      layout_basic, okawaru_trees_2, nicolae_alphabet_shops
D:10:     layout_cross, mainiacjoe_overflow_alcove_2, serial_shops, shop
D:11:     layout_basic, erik_orc_1, gammafunk_ghost_arena, zin_academy,
          uniq_erica
D:12:     layout_loops_ring, st_stairs_2
D:13:     layout_grid_maze, david_vaults_2, gammafunk_ghost_smash, st_stairs_2
Lair:1:   layout_gridlike
Lair:2:   layout_cave_pods, columned_hall_lemuel, serial_bayou_pond_d
Lair:3:   layout_loops_ring, minmay_shoals_entry_beasts, lemuel_oklob_altar,
          uniq_fannar, uniq_amaemon, uniq_gastronok
Lair:4:   layout_gridlike, spider_nest_entry_web_field, beast_lair_carwin_2
Lair:5:   layout_loops_ring
Lair:6:   hangedman_lair_in_review, layout_misc_corridors,
          hangedman_lair_caniforms_friends, minmay_slime_entry_jelly_boxes
Spider:1: nicolae_spider_hilbert_zone_3 [nicolae_spider_hilbert_4_sides_2_open,
          nicolae_spider_hilbert_3_sides_1_open,
          nicolae_spider_hilbert_3_sides_1_open,
          nicolae_spider_hilbert_3_sides_1_open,
          nicolae_spider_hilbert_3_sides_1_open,
          nicolae_spider_hilbert_4_sides_1_open,
          nicolae_spider_hilbert_4_sides_1_open,
          nicolae_spider_hilbert_4_sides_1_open,
          nicolae_spider_hilbert_4_sides_1_open,
          nicolae_spider_hilbert_4_sides_1_open,
          nicolae_spider_hilbert_4_sides_1_open,
          nicolae_spider_hilbert_4_sides_1_open,
          nicolae_spider_hilbert_4_sides_1_open,
          nicolae_spider_hilbert_3_sides_1_open,
          nicolae_spider_hilbert_3_sides_1_open,
          nicolae_spider_hilbert_3_sides_1_open,
          nicolae_spider_hilbert_3_sides_1_open], worms_lemuel, uniq_nikola
Orc:1:    layout_caves, rock_pile, uniq_sonja
Orc:2:    pubby_orc_utopia

Skill      XL: |  1  2  3  4  5  6  7  8  9 10 11 12 13 14 15 |
---------------+----------------------------------------------+-----
Stealth        | 1 2 |  2.0
Poison Magic   | 1 2 |  2.0
Fighting       | 2 3 4 5 6 9 10 11 | 11.3
Dodging        | 3 4 5 6 9 10 11 | 11.1
Unarmed Combat | 4 5 6 9 10 11 | 11.1
Transmutations | 5 7 9 11 12 | 12.3
Ice Magic      | 1 5 |  5.0
Invocations    | 3 4 5 7 10 11 13 | 13.0
Translocations | 5 7 9 |  9.6
Conjurations   | 5 9 |  9.5
Spellcasting   | |  2.0

Action                   |  1- 3 |  4- 6 |  7- 9 | 10-12 | 13-15 || total
-------------------------+-------+-------+-------+-------+-------++-------
Melee: Unarmed           |    58 |   139 |   207 |   311 |  1089 ||  1804
       Kick              |    15 |    23 |     6 |       |       ||    44
       Constrict         |    14 |    20 |     8 |     3 |       ||    45
       Tentacles         |     6 |    17 |     7 |     2 |       ||    32
       Punch             |       |     1 |       |     1 |       ||     2
 Cast: Beastly Appendage |    12 |    33 |     8 |       |       ||    53
       Wereblood         |     1 |     1 |     2 |     4 |    11 ||    19
       Spider Form       |       |     2 |    22 |       |       ||    24
       Ice Form          |       |       |    12 |    58 |   145 ||   215
       Manifold Assault  |       |       |       |       |    32 ||    32
Invok: Slouch            |       |       |       |     2 |    20 ||    22
Evoke: Wand              |       |       |     2 |       |     7 ||     9
  Use: Potion            |       |     1 |       |     1 |    11 ||    13
       Scroll            |       |     6 |    13 |     7 |    11 ||    37
 Stab: Sleeping          |     7 |    10 |     2 |     7 |     8 ||    34
       Petrifying        |       |       |       |     1 |       ||     1
       Petrified         |       |       |       |     1 |       ||     1
       Invisible         |       |       |       |       |     1 ||     1
Armor: Skin              |    17 |    24 |    29 |    62 |   228 ||   360
Dodge: Dodged            |    27 |    85 |   179 |   355 |  1215 ||  1861

Table legend: (Time is in decaauts)
 A = Elapsed time spent in this place.
 B = Non-inter-level travel time spent in this place.
 C = Inter-level travel time spent in this place.
 D = Time resting spent in this place.
 E = Time spent auto-exploring this place.
 F = Levels seen in this place.
 G = Mean time per level.
                   A        B        C        D        E       F      G
               +--------+--------+--------+--------+--------+-----+--------+
         Total |  33420 |  31577 |   1843 |   1661 |  25275 |  23 | 1453.0 |
       Dungeon |  15828 |  14944 |    884 |   1015 |  11830 |  13 | 1217.5 |
          Lair |  11576 |  10758 |    818 |    503 |   8813 |   6 | 1929.3 |
   Spider Nest |   1475 |   1475 |      0 |    143 |    957 |   1 | 1475.0 |
  Orcish Mines |   3762 |   3621 |    141 |      0 |   3036 |   2 | 1881.0 |
        Bailey |    777 |    777 |      0 |      0 |    637 |   1 |  777.0 |
               +--------+--------+--------+--------+--------+-----+--------+

Top non-repeatable levels by time:
   Orc:2: 2863 daAuts
  Lair:6: 2624 daAuts
  Lair:2: 2276 daAuts
    D:11: 2070 daAuts
     D:1: 1867 daAuts
  Lair:3: 1836 daAuts
  Lair:1: 1684 daAuts
     D:6: 1672 daAuts
  Lair:4: 1614 daAuts
  Lair:5: 1540 daAuts
Spider:1: 1475 daAuts
     D:3: 1401 daAuts
    D:12: 1374 daAuts
     D:4: 1366 daAuts
     D:9: 1255 daAuts
